Map: Frost LE

Players

DopeSic - Winner!

  • Race: Protoss Protoss
  • League: Silver
  • Spawn Location: 7:00

Fropez

  • Race: Protoss Protoss
  • League: Silver
  • Spawn Location: 1:00

VOD

Have the link to the VOD?

Description

Time

  • Played on: June 27, 2016, 11:45 a.m.
  • Length: 21:46
Show
View Real Time Build Order
Export as new Build Order

DopeSic Protoss - Winner!

Build Orders: Oracle Opening 

Get SALT Encoding   

  12  0:02  Probe (Chrono Boost)  
  13  0:12  Probe (Chrono Boost)  
  14  0:18  Pylon  
  14  0:23  Probe (Chrono Boost)  
  15  0:36  Probe (Chrono Boost)  
  15  0:39  Gateway  
  16  0:47  Probe (Chrono Boost)  
  17  0:51  Assimilator  
  17  0:59  Pylon  
  17  1:05  Probe (Chrono Boost)  
  18  1:17  Probe (Chrono Boost)  
  19  1:26  Cybernetics Core  
  19  1:31  Assimilator  
  19  1:32  Probe (Chrono Boost)  
  20  1:34  Zealot  
  22  1:56  Probe (Chrono Boost)  
  23  2:05  Stargate  
  23  2:06  Zealot  
  25  2:22  Pylon  
  26  2:23  Probe (Chrono Boost)  
  26  2:32  Protoss Air Weapons Level 1 (Chrono Boost)  
  26  2:41  Probe  
  26  2:42  Zealot  
  29  2:49  Oracle (Chrono Boost)  
  32  2:58  Probe  
  33  3:10  Pylon  
  33  3:11  Zealot  
  35  3:16  Gateway  
  35  3:21  Oracle (Chrono Boost)  
  38  3:28  Probe  
  39  3:42  Probe  
  37  4:13  Void Ray (Chrono Boost)  
  41  4:17  Zealot x2  
  45  4:46  Stalker (Chrono Boost)  
  47  4:54  Pylon  
  47  4:57  Pylon  
  47  5:02  Nexus  
  47  5:06  Pylon, Warp Gate (Chrono Boost)  
  47  5:13  Stalker (Chrono Boost)  
  49  5:18  Void Ray  
  53  5:24  Stalker  
  53  5:27  Probe  
  56  5:39  Probe  
  57  5:47  Stalker  
  59  5:52  Probe  
  60  6:04  Probe  
  60  6:08  Forge  
  60  6:11  Void Ray  
  61  6:16  Probe  
  61  6:17  Probe  
  67  6:26  Stalker  
  59  6:45  Stalker  
  61  6:52  Photon Cannon  
  61  6:53  Photon Cannon  
  61  7:05  Photon Cannon  
  61  7:13  Photon Cannon  
  61  7:14  Probe  
  62  7:37  Probe  
  62  7:38  Probe  
  62  7:43  Stalker x2  
  68  7:48  Probe (Chrono Boost)  
  68  7:50  Probe (Chrono Boost)  
  70  7:59  Probe (Chrono Boost)  
  70  8:01  Probe (Chrono Boost)  
  72  8:08  Void Ray  
  72  8:11  Protoss Shields Level 1  
  76  8:15  Protoss Air Armor Level 1  
  76  8:25  Assimilator  
  76  8:39  Stalker x2  
  61  9:04  Stalker x2  
  61  9:26  Photon Cannon  
  61  9:31  Phoenix  
  63  9:34  Stalker  
  63  9:35  Stalker  
  63  9:36  Probe (Chrono Boost)  
  63  9:37  Probe (Chrono Boost)  
  69  9:39  Pylon  
  69  9:48  Robotics Facility  
  69  9:52  Gateway  
  69  9:55  Gateway  
  69  10:01  Phoenix  
  69  10:05  Stalker x2  
  75  10:09  Probe x2 (Chrono Boost)  
  77  10:19  Probe (Chrono Boost)  
  77  10:20  Probe (Chrono Boost)  
  79  10:24  Nexus  
  79  10:28  Photon Cannon  
  79  10:32  Pylon  
  79  10:38  Probe x2 (Chrono Boost)  
  81  10:47  Assimilator  
  81  10:49  Probe (Chrono Boost)  
  82  10:59  Probe x2 (Chrono Boost)  
  84  11:04  Photon Cannon  
  84  11:07  Photon Cannon  
  84  11:08  Observer  
  84  11:09  Probe (Chrono Boost)  
  84  11:10  Phoenix  
  88  11:11  Pylon  
  88  11:15  Probe (Chrono Boost)  
  89  11:20  Probe (Chrono Boost)  
  91  11:25  Probe (Chrono Boost)  
  91  11:29  Observer  
  91  11:32  Probe (Chrono Boost)  
  93  11:36  Probe (Chrono Boost)  
  93  11:37  Phoenix  
  96  11:43  Probe (Chrono Boost)  
  96  11:46  Stalker x2  
  101  11:47  Stalker x2  
  101  11:50  Protoss Ground Weapons Level 1 (Chrono Boost)  
  105  12:03  Immortal  
  109  12:09  Phoenix  
  111  12:20  Fleet Beacon  
  111  12:25  Twilight Council  
  111  12:38  Assimilator  
  111  12:40  Assimilator  
  111  12:53  Protoss Air Weapons Level 2  
  111  12:59  Stalker x3  
  111  13:00  Stalker  
  119  13:13  Tempest  
  123  13:32  Pylon  
  123  13:40  Stalker  
  124  13:50  Immortal  
  118  14:11  Stalker x3  
  118  14:12  Stalker  
  126  14:30  Nexus  
  126  14:34  Pylon  
  126  14:38  Pylon  
  116  14:52  Stalker x4  
  114  15:12  Photon Cannon  
  114  15:15  Photon Cannon  
  114  15:18  Probe  
  114  15:19  Probe x2, Photon Cannon  
  117  15:22  Photon Cannon  
  117  15:24  Photon Cannon, Stalker  
  117  15:25  Stalker  
  121  15:29  Probe, Photon Cannon  
  121  15:31  Probe  
  121  15:32  Probe  
  124  15:43  Probe  
  124  15:44  Probe  
  124  15:47  Probe x2  
  128  15:53  Stalker x3  
  128  15:56  Probe x2  
  136  15:58  Probe x2  
  138  16:08  Probe  
  138  16:10  Protoss Shields Level 2 (Chrono Boost)  
  134  16:27  Photon Cannon  
  134  16:36  Stalker x4  
  134  16:38  Probe  
  134  16:39  Probe  
  144  16:40  Probe  
  145  17:09  Pylon  
  145  17:13  Stalker x3  
  151  17:21  Probe x2  
  152  17:22  Probe  
  152  17:23  Probe  
  152  17:28  Pylon  
  155  17:32  Probe  
  155  17:35  Probe x2  
  158  17:38  Pylon  
  156  17:51  Pylon  
  150  18:02  Probe x2  
  150  18:03  Probe x2  
  154  18:09  Stalker x2  
  154  18:10  Stalker x2  
  162  18:14  Pylon  
  162  18:15  Probe  
  156  18:27  Pylon  
  142  18:38  Pylon  
  138  18:47  Stalker x3  
  138  18:48  Stalker  
  126  18:56  Pylon  
  124  19:11  Tempest  
  120  19:27  Gateway x2  
  120  19:29  Gateway  
  120  19:37  Stalker  
  120  19:38  Stalker x3  
  126  19:50  Gateway  
  126  19:52  Gateway  
  126  19:53  Gateway  
  126  19:58  Forge  
  126  20:01  Forge  
  126  20:14  Stalker  
  126  20:15  Stalker x3  
  134  20:41  Stalker  
  134  20:42  Stalker x3  
  142  20:44  Pylon  
  142  21:17  Stalker x4  
Show
View Real Time Build Order
Export as new Build Order

Fropez Protoss 

Build Orders: Phoenix Opening 

Get SALT Encoding   

  12  0:01  Probe (Chrono Boost)  
  13  0:12  Probe (Chrono Boost)  
  14  0:20  Pylon  
  14  0:22  Probe (Chrono Boost)  
  15  0:42  Gateway  
  15  0:46  Gateway  
  15  0:49  Probe (Chrono Boost)  
  16  0:56  Assimilator  
  16  1:06  Pylon  
  16  1:07  Probe (Chrono Boost)  
  17  1:18  Probe (Chrono Boost)  
  18  1:28  Assimilator  
  18  1:32  Cybernetics Core  
  18  1:33  Probe (Chrono Boost)  
  19  1:44  Probe (Chrono Boost)  
  20  2:13  Nexus  
  20  2:16  Probe (Chrono Boost)  
  20  2:19  Warp Gate (Chrono Boost)  
  22  2:34  Mothership Core  
  23  2:44  Pylon  
  23  2:55  Probe  
  24  3:00  Stargate  
  24  3:08  Probe  
  25  3:20  Probe  
  25  3:23  Pylon  
  25  3:24  Pylon, Probe  
  27  3:32  Probe  
  28  3:35  Probe  
  29  3:44  Phoenix (Chrono Boost), Probe  
  32  3:50  Probe  
  33  3:56  Probe  
  33  4:05  Protoss Air Weapons Level 1  
  31  4:15  Probe  
  31  4:16  Phoenix (Chrono Boost)  
  32  4:24  Stargate  
  29  4:56  Pylon  
  29  4:58  Phoenix (Chrono Boost)  
  32  5:07  Probe  
  32  5:08  Assimilator, Stalker  
  32  5:09  Stalker  
  32  5:10  Assimilator  
  36  5:14  Probe  
  36  5:21  Phoenix (Chrono Boost)  
  39  5:27  Phoenix (Chrono Boost)  
  41  5:40  Probe  
  44  5:46  Phoenix (Chrono Boost)  
  44  5:47  Probe  
  45  5:58  Phoenix (Chrono Boost)  
  47  6:07  Probe x2  
  51  6:12  Phoenix (Chrono Boost)  
  51  6:19  Stalker  
  53  6:41  Phoenix (Chrono Boost)  
  53  6:44  Phoenix (Chrono Boost)  
  57  6:50  Protoss Air Armor Level 1  
  55  7:03  Phoenix (Chrono Boost)  
  59  7:09  Phoenix (Chrono Boost)  
  57  7:39  Phoenix (Chrono Boost)  
  57  7:42  Phoenix (Chrono Boost), Probe  
  57  7:43  Probe  
  63  7:45  Pylon  
  63  7:55  Pylon  
  63  7:56  Probe  
  63  7:57  Pylon, Probe  
  65  8:00  Pylon  
  65  8:01  Phoenix (Chrono Boost)  
  67  8:20  Fleet Beacon  
  67  8:32  Probe  
  67  8:33  Probe  
  67  9:07  Protoss Air Weapons Level 2  
  61  9:20  Phoenix x2 (Chrono Boost)  
  61  9:21  Anion Pulse-Crystals (Chrono Boost)  
  65  9:47  Nexus  
  65  9:50  Assimilator  
  65  9:52  Phoenix, Assimilator  
  65  9:53  Phoenix  
  65  9:57  Pylon  
  69  10:11  Probe  
  69  10:12  Probe  
  71  10:24  Probe  
  72  10:32  Phoenix x2  
  76  10:36  Pylon, Probe  
  76  10:40  Probe  
  78  10:48  Probe  
  78  10:49  Stargate  
  79  10:53  Probe  
  80  10:58  Probe  
  80  11:00  Probe  
  82  11:05  Probe  
  82  11:06  Phoenix x2  
  87  11:32  Phoenix x2  
  89  11:33  Twilight Council  
  89  11:35  Phoenix  
  93  11:49  Protoss Air Weapons Level 3  
  93  11:53  Pylon  
  93  11:55  Pylon x2, Probe  
  93  11:56  Probe x2  
  93  11:59  Pylon  
  97  12:15  Probe, Dark Shrine  
  97  12:17  Probe  
  97  12:20  Phoenix  
  100  12:30  Pylon, Forge  
  100  12:35  Pylon  
  100  12:39  Pylon, Probe  
  108  12:44  Phoenix  
  103  12:55  Probe  
  103  12:56  Robotics Facility  
  104  12:59  Phoenix  
  104  13:04  Protoss Shields Level 1 (Chrono Boost)  
  106  13:11  Phoenix  
  108  13:18  Probe x2  
  110  13:24  Pylon  
  110  13:26  Photon Cannon  
  110  13:31  Photon Cannon  
  110  13:41  Phoenix  
  112  13:43  Photon Cannon  
  112  13:51  Photon Cannon  
  112  13:59  Observer  
  93  15:08  Probe x3  
  93  15:10  Phoenix (Chrono Boost)  
  93  15:11  Phoenix (Chrono Boost)  
  93  15:13  Phoenix (Chrono Boost)  
  101  15:33  Phoenix x2 (Chrono Boost)  
  107  15:36  Probe x3  
  107  15:38  Nexus, Phoenix (Chrono Boost)  
  107  15:39  Dark Templar x2  
  107  15:40  Pylon, Assimilator  
  107  15:42  Assimilator  
  114  15:44  Pylon  
  114  15:46  Pylon  
  114  15:52  Protoss Air Armor Level 2  
  114  15:53  Protoss Shields Level 2  
  114  15:54  Phoenix (Chrono Boost)  
  114  15:55  Phoenix (Chrono Boost)  
  118  16:03  Phoenix (Chrono Boost)  
  120  16:16  Phoenix (Chrono Boost)  
  120  16:17  Phoenix (Chrono Boost)  
  124  16:28  Phoenix (Chrono Boost)  
  124  16:29  Graviton Catapult  
  124  16:38  Phoenix x2 (Chrono Boost)  
  128  16:41  Nexus  
  128  16:43  Assimilator  
  128  16:46  Assimilator  
  128  16:49  Pylon  
  128  16:51  Observer  
  128  16:52  Pylon  
  128  16:53  Phoenix (Chrono Boost)  
  131  16:58  Gateway  
  131  17:00  Phoenix x2 (Chrono Boost), Gateway  
  135  17:01  Gateway  
  135  17:03  Gateway  
  135  17:07  Gateway  
  135  17:09  Pylon, Gateway  
  135  17:12  Observer  
  136  17:21  Phoenix x2 (Chrono Boost)  
  146  17:34  Pylon  
  146  17:36  Pylon  
  146  17:37  Pylon  
  146  17:38  Probe x2  
  146  17:41  Gateway  
  133  18:08  Phoenix x2 (Chrono Boost)  
  133  18:11  Phoenix (Chrono Boost)  
  139  18:13  Probe x2  
  139  18:29  Phoenix (Chrono Boost)  
  139  18:30  Phoenix (Chrono Boost)  
  145  18:36  Phoenix (Chrono Boost)  
  109  18:56  Zealot x3  
  109  18:57  Zealot x5  
  115  19:25  Dark Templar x4  
  115  19:26  Dark Templar x3  
  115  19:28  Observer  
  122  20:00  Void Ray (Chrono Boost), Gateway  
  122  20:01  Void Ray (Chrono Boost)  
  122  20:06  Void Ray (Chrono Boost)  
  126  20:09  Probe x2  
  128  20:42  Void Ray x2 (Chrono Boost)  
  140  20:53  Void Ray (Chrono Boost)  
  136  21:16  Stalker x3  
Tags
 
Add a new tag
Caveats
  • Supply blocks, unpowered buildings, or Contaminate may cause inaccurate times.
  • Supply counts are checked every 10 seconds.